 Dungeon Crawl Stone Soup version 0.23.1 (webtiles) character file.

Game seed: 0

12026 teukkam the Fighter (level 11, 0/99 HPs)
             Began as a Minotaur Fighter on Mar 12, 2019.
             Was an Elder of Nemelex Xobeh.
             Succumbed to a black mamba's poison
             ... on level 1 of the Lair of Beasts.
             The game lasted 00:52:02 (10424 turns).

teukkam the Fighter (Minotaur Fighter)             Turns: 10424, Time: 00:52:02

Health: 0/99       AC:  8    Str: 24    XL:     11   Next: 57%
Magic:  14/14      EV: 15    Int:  5    God:    Nemelex Xobeh [****..]
Gold:   620        SH: 12    Dex: 15    Spells: 10/10 levels left

rFire    + . .     SeeInvis .   a - +1 hand axe (venom)
rCold    . . .     Gourm    .   D - +0 shield of the Dropbear {-Cast rN+ Regen+}
rNeg     + + .     Faith    +   H - +3 leather armour {rF+}
rPois    .         Spirit   .   (helmet restricted)
rElec    .         Reflect  .   (no cloak)
rCorr    .         Harm     .   n - +0 pair of gloves
MR       +....     NoCast   +   (no boots)
Stlth    ++........             C - amulet of faith
HPRegen  0.66/turn              G - ring of positive energy
MPRegen  0.14/turn              y - ring of protection from magic

@: agile, lethally poisoned (0 -> -47)
A: retaliatory headbutt, horns 2
a: Draw Escape, Draw Destruction, Draw Summoning, Triple Draw, Deal Four,
Renounce Religion


You were on level 1 of the Lair of Beasts.
You worshipped Nemelex Xobeh.
Nemelex Xobeh was greatly pleased with you.
You were not hungry.

You visited 3 branches of the dungeon, and saw 15 of its levels.
You also visited: Sewer and Ossuary.

You collected 857 gold pieces.
You spent 237 gold pieces at shops.

Inventory:

Hand Weapons
 a - a +1 hand axe of venom (weapon)
 b - a +0 hunting sling
 c - a +1 dagger of draining
 l - a +0 war axe
 A - a +2 short sword of venom
 L - a +4 blowgun
Missiles
 h - 15 sling bullets
 k - 163 stones (quivered)
 I - 5 curare-tipped needles
 K - 12 poisoned needles
 M - 6 javelins
Armour
 n - a +0 pair of gloves (worn)
 D - the +0 shield of the Dropbear (worn) {-Cast rN+ Regen+}
   (You bought it in a shop on level 5 of the Dungeon)

   It protects you from negative energy.
   It prevents spellcasting.
   It increases your rate of regeneration.
 H - a +3 leather armour of fire resistance (worn)
Jewellery
 y - a ring of protection from magic (right hand)
 C - an amulet of faith (around neck)
 G - a ring of positive energy (left hand)
Wands
 j - a wand of flame (9)
 q - a wand of polymorph (7)
 E - a wand of random effects (30)
 N - a wand of acid (6)
Scrolls
 d - 2 scrolls of noise {unknown}
 g - 6 scrolls of identify
 m - a scroll of teleportation
 r - 6 scrolls of remove curse
 s - 2 scrolls of fear
 t - a scroll of immolation
 v - 3 scrolls of enchant armour
 x - a scroll of magic mapping
 F - a scroll of random uselessness {unknown}
 O - a scroll of silence {unknown}
 P - 2 scrolls of amnesia
Potions
 e - a potion of invisibility
 i - 3 potions of degeneration {unknown}
 o - 6 potions of brilliance
 p - 3 potions of agility
 u - a potion of magic {unknown}
 w - 4 potions of lignification
 z - 8 potions of curing {unknown}
 B - a potion of mutation {unknown}
 J - a potion of ambrosia {unknown}
Comestibles
 f - 11 rations
 Q - 5 chunks of flesh


   Skills:
 + Level 10.1 Fighting
 - Level 4.0 Short Blades
 + Level 8.4 Axes
 + Level 8.4 Slings
 + Level 10.0 Armour
 + Level 10.1 Shields
 + Level 6.2 Invocations


You had 10 spell levels left.
You didn't know any spells.
Your spell library contained the following spells:

 Spells                   Type           Power        Failure   Level  Hunger
 Corona                   Hex            #......      75%         1    ##.....
 Magic Dart               Conj           #...         75%         1    ##.....
 Blink                    Tloc           N/A          86%         2    ###....
 Call Imp                 Summ           #.......     86%         2    ###....
 Ensorcelled Hibernation  Hex/Ice        #.....       86%         2    ###....
 Slow                     Hex            #.......     86%         2    ###....
 Confuse                  Hex            #.......     98%         3    ####...
 Conjure Flame            Conj/Fire      #.......     98%         3    ####...
 Dazzling Spray           Conj/Hex       #.....       98%         3    ####...
 Mephitic Cloud           Conj/Pois/Air  #.......     98%         3    ####...
 Tukima's Dance           Hex            #.......     98%         3    ####...
 Borgnjor's Vile Clutch   Necr/Erth      #.........   100%        5    ######.
 Silence                  Hex/Air        #.........   100%        5    ######.
 Darkness                 Hex            #.........   100%        6    #######
 Shadow Creatures         Summ           N/A          100%        6    #######


Dungeon Overview and Level Annotations

Branches:
Dungeon (11/15)            Temple (1/1) D:5            Lair (3/6) D:11
 Shoals (0/4) Lair:2
  Snake: Lair:2-4    Spider: Lair:2-4       Orc: D:9-12

Altars:
Ashenzari
Cheibriados
Dithmenos
Elyvilon
Fedhas
Gozag
Kikubaaqudgha
Makhleb
Nemelex Xobeh
Okawaru
Qazlal
Sif Muna
Trog
Uskayaw
Vehumet
Wu Jian
Xom
Yredelemnul
Zin
The Shining One

Shops:
D:5 [[   D:8 *

Annotations:
D:4 1 runed translucent door, EtherCrawl's ghost, amateur DsAK


Innate Abilities, Weirdness & Mutations

You reflexively headbutt those who attack you in melee.
You have a pair of horns on your head.


Message History

* * * LOW HITPOINT WARNING * * *
You feel very sick. The black mamba bites you.
* * * LOW HITPOINT WARNING * * *
The black mamba bites you.
* * * LOW HITPOINT WARNING * * *
You are more poisoned.
The black mamba poisons you!
It was a potion of agility.
You feel agile all of a sudden.
* * * LOW HITPOINT WARNING * * *
You feel very sick. The black mamba closely misses you.
You furiously retaliate!
You headbutt the black mamba. The black mamba bites you.
* * * LOW HITPOINT WARNING * * *
You are more poisoned.
The black mamba poisons you!
You draw a card...
You have drawn Velocity.
Nothing appears to happen.
You die...
Your body glows slightly and disappears.

#............#
##...........##
#............#
#...........##
#...........#
#...........#####
.######............#..##
........................
.......@................
.......S................
........................
........................
........................
####.P#(..........####.#
#..##.........## ### ##+
.#........# ##
.#.......(#


You could see a black mamba.

Vanquished Creatures
  A great orb of eyes (Lair:2)
  A hydra (Lair:2)
  A merfolk siren (Lair:2)
  A manticore (D:10)
  A black mamba (Lair:2)
  3 spiny frogs (Lair:2)
  A troll (D:11)
  2 blink frogs (Lair:2)
  3 dream sheep (Lair:2)
  3 hippogriffs
  Sigmund (D:3)
  6 yaks
  2 wyverns
  A basilisk (Lair:2)
  A steam dragon (D:7)
  A soldier ant (D:11)
  3 water moccasins
  Duvessa (D:5)
  A porcupine (Lair:2)
  A black bear (D:10)
  3 sky beasts
  A necrophage (D:5)
  A hornet zombie (D:3)
  2 centaurs
  A crocodile (Lair:2)
  2 big kobolds (Sewer)
  3 bullfrogs
  Dowan (D:5)
  4 crimson imps
  A centaur zombie (D:7)
  A howler monkey (D:5)
  2 hounds
  A bullfrog zombie (D:5)
  A jelly (D:8)
  2 orc priests
  A bullfrog skeleton (D:11)
  6 orc wizards
  A centaur skeleton (D:4)
  Terence (D:3)
  An iguana (D:7)
  3 worker ants
  A killer bee zombie (D:7)
  2 big kobold zombies (Ossuary)
  A hound zombie (D:5)
  3 mummies
  A howler monkey skeleton (D:6)
  Robin (D:3)
  3 worker ant zombies
  14 adders
  A river rat (D:5)
  2 shadow imps
  2 oozes (Sewer)
  2 worms
  3 dart slugs
  9 leopard geckos
  27 orcs
  12 giant cockroaches
  2 gnoll zombies (Ossuary)
  15 goblins
  11 hobgoblins
  10 jackals
  4 quokkas
  4 ball pythons
  3 bats (D:1)
  19 frilled lizards
  6 goblin zombies (Ossuary)
  3 hobgoblin zombies (Ossuary)
  2 jackal skeletons
  A jackal zombie (D:7)
  20 kobolds
  2 leopard gecko zombies (D:5)
  An orc zombie (Ossuary)
  15 rats
  A fungus (Lair:2)
277 creatures vanquished.

Vanquished Creatures (collateral kills)
  A hydra (Lair:1)
  Urug (D:10)
  Sonja (Lair:2)
  A black mamba (Lair:2)
  2 spiny frogs (Lair:2)
  A troll (D:11)
  2 blink frogs (Lair:2)
  2 dream sheep (Lair:2)
  An ogre (D:7)
  A centaur (D:8)
  2 crocodiles (Lair:2)
  2 worker ants
  An orc (D:6)
  A quokka (D:6)
19 creatures vanquished.

Vanquished Creatures (others)
  A wraith (D:10)
  An orc wizard (D:9)
  An orc priest (D:9)
  3 orcs (D:9)
  A goblin (D:3)
  A fungus (Lair:3)
  A plant (Lair:2)
9 creatures vanquished.

Grand Total: 305 creatures vanquished

Notes
Turn   | Place    | Note
-------+----------+-------------------------------------------
     0 | D:1      | teukkam the Minotaur Fighter began the quest for the Orb.
     0 | D:1      | Reached XP level 1. HP: 19/19 MP: 0/0
    84 | D:1      | Reached XP level 2. HP: 27/27 MP: 1/1
   332 | D:3      | Noticed Robin
   342 | D:3      | Reached XP level 3. HP: 32/33 MP: 2/2
   347 | D:3      | Killed Robin
   373 | D:3      | Reached skill level 1 in Slings
   554 | D:3      | Reached XP level 4. HP: 37/40 MP: 3/3
   641 | D:4      | Found a radiant altar of Vehumet.
   800 | D:5      | Entered Level 5 of the Dungeon
  1006 | D:4      | Reached skill level 1 in Short Blades
  1006 | D:4      | Reached XP level 5. HP: 37/47 MP: 4/4
  1193 | D:4      | Found a runed translucent door.
  1193 | D:4      | Noticed EtherCrawl's ghost (amateur DsAK)
  1378 | D:5      | Found Xawkusk's Antique Armour Shoppe.
  1568 | D:1      | Reached XP level 6. HP: 55/55 MP: 5/5
  1772 | D:2      | Reached skill level 5 in Fighting
  1772 | D:2      | Reached skill level 5 in Shields
  2335 | D:2      | Reached skill level 5 in Armour
  2374 | D:3      | Noticed Sigmund
  2382 | D:3      | Killed Sigmund
  2507 | D:3      | Found a blossoming altar of Fedhas.
  2705 | D:2      | Found a sparkling altar of Nemelex Xobeh.
  2721 | D:2      | Became a worshipper of Nemelex Xobeh the Trickster
  2808 | D:2      | Found a white marble altar of Elyvilon.
  3059 | D:2      | Received a gift from Nemelex Xobeh
  3219 | D:3      | Reached XP level 7. HP: 61/61 MP: 6/6
  3468 | D:3      | You fall through a shaft!
  3591 | D:5      | Noticed Dowan
  3591 | D:5      | Noticed Duvessa
  3698 | D:4      | Received a gift from Nemelex Xobeh
  3888 | D:3      | Noticed Terence
  3897 | D:3      | Killed Terence
  4104 | D:3      | Reached * piety under Nemelex Xobeh
  4356 | D:6      | Found a stormy altar of Qazlal.
  4568 | D:6      | Found a glowing drain.
  4691 | Sewer    | Entered a sewer
  4799 | Sewer    | Received a gift from Nemelex Xobeh
  4891 | Sewer    | Reached XP level 8. HP: 43/70 MP: 7/7
  5380 | D:5      | Reached ** piety under Nemelex Xobeh
  5405 | D:5      | You fall through a shaft for 2 floors!
  5808 | D:5      | Bought a fine shield for 237 gold pieces
  5818 | D:5      | Identified the +0 shield of the Dropbear {-Cast rN+ Regen+}
                  | (You bought it in a shop on level 5 of the Dungeon)
  5850 | D:5      | Received a gift from Nemelex Xobeh
  5876 | D:5      | Found Zuwk's Antique Armour Boutique.
  5883 | D:5      | Killed Dowan
  5883 | D:5      | Reached skill level 1 in Invocations
  5903 | D:5      | Reached skill level 5 in Slings
  5967 | D:5      | Killed Duvessa
  6181 | D:5      | Found a staircase to the Ecumenical Temple.
  6205 | Temple   | Entered the Ecumenical Temple
  6438 | D:6      | Found a glowing golden altar of the Shining One.
  6599 | D:6      | Found a hide-covered altar of Uskayaw.
  6615 | D:6      | Reached XP level 9. HP: 61/79 MP: 9/9
  6646 | D:6      | Found a glowing silver altar of Zin.
  7026 | D:7      | Received a gift from Nemelex Xobeh
  7070 | D:7      | Reached skill level 5 in Axes
  7191 | D:8      | Found Gozag's Platinum Reserve.
  7191 | D:8      | Found an opulent altar of Gozag.
  7225 | D:8      | Found a sand-covered staircase.
  7240 | Ossuary  | Entered an ossuary
  7689 | D:10     | Entered Level 10 of the Dungeon
  7689 | D:10     | Received a gift from Nemelex Xobeh
  7705 | D:10     | Noticed Urug
  7713 | D:10     | Killed Urug
  7764 | D:10     | Reached *** piety under Nemelex Xobeh
  7836 | D:10     | Noticed a manticore
  7838 | D:10     | Identified the -2 hand axe "Nuucrime" {chop, rPois}
  7851 | D:10     | Killed a manticore
  8005 | D:11     | Found a staircase to the Lair.
  8021 | D:11     | Reached XP level 10. HP: 88/88 MP: 11/11
  8154 | Lair:1   | Entered Level 1 of the Lair of Beasts
  8174 | Lair:2   | Noticed a seven-headed hydra
  8176 | Lair:2   | Noticed a great orb of eyes
  8176 | Lair:2   | a seven-headed hydra changed into a great orb of eyes
  8185 | Lair:2   | Killed a great orb of eyes
  8403 | Lair:2   | Noticed Sonja
  8408 | Lair:2   | Killed Sonja
  8434 | Lair:2   | Noticed a spiny frog
  8440 | Lair:2   | Killed a spiny frog
  8448 | Lair:2   | Noticed a black mamba
  8456 | Lair:2   | Killed a black mamba
  8470 | Lair:2   | Reached skill level 5 in Invocations
  8586 | Lair:2   | Received a gift from Nemelex Xobeh
  8586 | Lair:2   | Noticed a spiny frog
  8604 | Lair:2   | You fall through a shaft!
  8858 | Lair:2   | Killed a spiny frog
  8957 | Lair:2   | Noticed a four-headed hydra
  8961 | Lair:2   | Killed a four-headed hydra
  8961 | Lair:2   | Reached XP level 11. HP: 82/97 MP: 14/14
  9073 | Lair:2   | Received a gift from Nemelex Xobeh
  9150 | Lair:2   | Found a staircase to the Shoals.
  9177 | Lair:2   | Reached **** piety under Nemelex Xobeh
 10196 | Lair:1   | Received a gift from Nemelex Xobeh
 10196 | Lair:1   | Noticed a four-headed hydra
 10201 | Lair:1   | Reached skill level 10 in Fighting
 10204 | Lair:1   | Killed a four-headed hydra
 10204 | Lair:1   | Reached skill level 10 in Armour
 10204 | Lair:1   | Reached skill level 10 in Shields
 10217 | Lair:1   | You fall through a shaft!
 10423 | Lair:1   | HP: 4/99 [black mamba (5)]
 10424 | Lair:1   | Succumbed to a black mamba's poison

Skill      XL: |  1  2  3  4  5  6  7  8  9 10 11 |
---------------+----------------------------------+-----
Fighting       | 4 5 6 7 8 9 10 | 10.1
Armour         | 4 5 6 7 8 9 10 | 10.0
Shields        | 4 5 6 7 8 9 10 | 10.1
Axes           | 3 4 6 7 8 |  8.4
Slings         | 1 2 3 4 5 6 7 8 |  8.4
Short Blades   | 1 2 3 4 |  4.0
Invocations    | 2 3 5 6 |  6.2

Action                   |  1- 3 |  4- 6 |  7- 9 | 10-12 || total
-------------------------+-------+-------+-------+-------++-------
Melee: War axe           |    67 |       |    14 |       ||    81
       Headbutt          |     7 |    20 |    70 |    46 ||   143
       Short sword       |     5 |   133 |   130 |       ||   268
       Hand axe          |       |       |   157 |   156 ||   313
 Fire: Hunting sling     |     1 |    45 |   145 |    32 ||   223
       Blowgun           |       |       |       |     3 ||     3
Throw: Stone             |       |     1 |     1 |       ||     2
 Abil: Draw Destruction  |       |       |    10 |    11 ||    21
       Draw Summoning    |       |       |     6 |     6 ||    12
       Draw Escape       |       |       |     4 |     6 ||    10
Evoke: Wand              |       |       |     1 |       ||     1
  Use: Potion            |     1 |     2 |     6 |     7 ||    16
       Scroll            |       |     7 |     5 |     1 ||    13
  Eat: Chunk             |       |     4 |     5 |     5 ||    14
       Ration            |       |     1 |     3 |     1 ||     5
Armor: Scale mail        |    19 |       |       |       ||    19
       Leather armour    |    10 |    22 |    71 |    39 ||   142
Dodge: Dodged            |    23 |    47 |   104 |    50 ||   224
Block: Shield            |    38 |    69 |   201 |    95 ||   403
